 Dungeon Crawl Stone Soup version 0.29-a0-870-g2c972031a6 (webtiles) character file.

Game seed: 5680347471341409715

99 zeratav the Stinger (level 4, 0/27 HPs)
             Began as an Octopode Venom Mage on July 17, 2022.
             Slain by an orc
             ... wielding a +0 dagger
              (1 damage)
             ... on level 3 of the Dungeon.
             The game lasted 00:04:06 (3491 turns).

zeratav the Stinger (Octopode Venom Mage)           Turns: 3491, Time: 00:04:07

Health: 0/27       AC:  1    Str:  7    XL:     4   Next: 72%
Magic:  4/7        EV: 13    Int: 19    God:
Gold:   106        SH:  0    Dex: 12    Spells: 4/7 levels left

rFire   . . .      SeeInvis .   e - +0 dagger {short}
rCold   + . .      Faith    .   (no shield)
rNeg    . . .      Spirit   .   (helmet restricted)
rPois   .          Reflect  .   (no amulet)
rElec   .          Harm     .   p - ring of protection from cold
rCorr   .          Rampage  .   (no ring)
Will    .....                   (no ring)
Stlth   +++++.....              (no ring)
HPRegen 0.09/turn               (no ring)
MPRegen 0.10/turn               (no ring)
                                (no ring)
                                (no ring)

@: very slightly contaminated
A: almost no armour, amphibious, 8 rings, camouflage 1, gelatinous body 1,
nimble swimmer 1, tentacles
a: no special abilities


You were on level 3 of the Dungeon.
You visited 1 branch of the dungeon, and saw 3 of its levels.

You collected 106 gold pieces.


Innate Abilities, Weirdness & Mutations

You cannot wear most types of armour.
You are amphibious.
You can wear up to eight rings at the same time.
Your skin changes colour to match your surroundings (Stealth+).
Your rubbery body absorbs attacks. (AC +1, EV +1)
You are camouflaged when in or above water. (Stealth+)
You have tentacles for arms and can constrict up to eight enemies at once.


   Skills:
 - Level 2.0 Dodging
 - Level 5.0 Stealth
 - Level 2.0 Spellcasting
 - Level 1.0 Transmutations
 + Level 5.3 Poison Magic


You had 4 spell levels left.
You knew the following spells:

 Your Spells              Type           Power      Damage    Failure   Level
a - Sting                 Tmut/Pois      52%        1d5       4%          1
b - Poisonous Vapours     Pois/Air       24%        N/A       9%          2

Your spell library contained the following spells:

 Spells                   Type           Power      Damage    Failure   Level
 Olgreb's Toxic Radiance  Pois           22%        N/A       19%         4
 Mephitic Cloud           Conj/Pois/Air  8%         N/A       24%         3

Inventory:

Hand Weapons
 e - a +0 dagger (weapon) {short}
   (You found it on level 1 of the Dungeon)
Jewellery
 d - a ring of fire
   (You found it on level 1 of the Dungeon)
 p - a ring of protection from cold (left tentacle)
   (You found it on level 2 of the Dungeon)
Scrolls
 g - a scroll of fear {unknown}
 h - 2 scrolls of noise {unknown}
 k - 2 scrolls of immolation {unknown}
 l - a scroll of teleportation {unknown}
 n - a scroll of silence {unknown}
 o - a scroll of vulnerability {unknown}
 q - a scroll of enchant armour {unknown}
 r - a scroll of summoning {unknown}
Potions
 a - 2 potions of magic
 b - a potion of might {unknown}
 c - 3 potions of curing {unknown}
 f - 3 potions of haste {unknown}
 i - a potion of ambrosia {unknown}
 j - a potion of invisibility {unknown}
 m - a potion of berserk rage {unknown}

Dungeon Overview and Level Annotations

Branches:
Dungeon (3/15) Zot: 14510

Altars:
Zin

Shops:
D:1 [= D:2

[ ......(.#.#.#
........#.#.#
........#.#.#
........#.#.##
#.......## ##........#
##############..........
........o.†$..$.........
≈≈≈≈≈≈≈@≈≈≈≈≈....≈≈≈≈≈≈≈
≈≈≈≈≈≈≈≈≈≈≈≈≈....≈≈≈≈≈≈≈
#≈≈≈≈≈≈≈≈≈≈≈≈....≈≈≈≈≈≈≈
#.......................
#############++++#######


You could see an orc (poisoned).


Message History

Things that are here:
a +0 dagger {short}; an orc corpse
Found a stone staircase leading up.
An orc and 2 jackals come into view.
You see here 14 gold pieces.
Casting: Sting (safe; 4% risk of failure)
Confirm with . or Enter, or press ? or * to list all spells.
Okay, then.
You see here 4 gold pieces.
The helpless jackal fails to defend itself.
You puncture the jackal!
You kill the jackal!
The orc hits you with a +0 dagger.
HP[-1]
You take 1 damage, and now have 26/27 hp.
The orc hits you with a +0 dagger.
You see here a jackal corpse.
HP[-2]
You take 2 damage, and now have 24/27 hp.
The orc misses you.
The jackal barks!
The jackal barks!
You hit the jackal but do no damage. Your grab misses the jackal.
Your squeeze misses the jackal. The jackal bites you.
The orc hits you with a +0 dagger.
HP[-5]
You take 5 damage, and now have 19/27 hp.
You hit the jackal. Your grab misses the jackal. The jackal closely misses you.
The orc hits you with a +0 dagger. The jackal bites you.
HP[-3]
You take 3 damage, and now have 16/27 hp.
You hit the jackal but do no damage. You grab the jackal.
Your squeeze misses the jackal.
You constrict the jackal, but do no damage.
The jackal bites you. The orc hits you with a +0 dagger.
* * * LOW HITPOINT WARNING * * *
HP[-3]
You take 3 damage, and now have 13/27 hp.
You hit the jackal. You squeeze the jackal.
You kill the jackal!
The orc closely misses you.
You hit the jackal. You grab the jackal.
You constrict the jackal, but do no damage.
The jackal bites you.
* * * LOW HITPOINT WARNING * * *
The orc splashes around in the water.
The jackal closely misses you.
HP[-1]
You take 1 damage, and now have 12/27 hp.
You hit the jackal. You squeeze the jackal.
You constrict the jackal, but do no damage.
The orc hits you but does no damage.
The jackal bites you but does no damage.
You hit the jackal.
You constrict the jackal, but do no damage.
The jackal barely misses you.
The orc splashes around in the water.
You barely miss the jackal. You squeeze the jackal.
You kill the jackal!
The orc barely misses you.
Casting: Sting (safe; 4% risk of failure)
Confirm with . or Enter, or press ? or * to list all spells.
Aiming: Sting (safe; 4% risk of failure)
Press: ? - help, Shift-Dir - straight line, f - orc
Aim: an orc, wielding a +0 dagger and wearing a +0 chain mail (79% to hit)
The sting hits the orc but does no damage.
The orc is poisoned.
The orc splashes around in the water.
MP[-1]
You lost 1 mp, and now have 6/7 mp.
The orc barely misses you.
The orc splashes around in the water.
The orc hits you with a +0 dagger.
* * * LOW HITPOINT WARNING * * *
HP[-3]
You take 3 damage, and now have 9/27 hp.
Casting: Sting (safe; 4% risk of failure)
Confirm with . or Enter, or press ? or * to list all spells.
Aiming: Sting (safe; 4% risk of failure)
Press: ? - help, Shift-Dir - straight line, f/p - orc
Aim: an orc, wielding a +0 dagger and wearing a +0 chain mail (poisoned, 79% to hit)
You miscast Sting.
You are very lightly contaminated with residual magic.
Nothing appears to happen.
The orc looks more healthy.
The orc hits you with a +0 dagger.
* * * LOW HITPOINT WARNING * * *
HP[-5] MP[-1]
You take 5 damage, and now have 4/27 hp.
You lost 1 mp, and now have 5/7 mp.
Casting: Sting (safe; 4% risk of failure)
Confirm with . or Enter, or press ? or * to list all spells.
Aiming: Sting (safe; 4% risk of failure)
Press: ? - help, Shift-Dir - straight line, f/p - orc
Aim: an orc, wielding a +0 dagger and wearing a +0 chain mail (79% to hit)
The sting hits the orc but does no damage.
The orc is poisoned.
The orc hits you with a +0 dagger.
* * * LOW HITPOINT WARNING * * *
HP[-3] MP[-1]
You take 3 damage, and now have 1/27 hp.
You lost 1 mp, and now have 4/7 mp.
You see here a jackal corpse.
The orc attacks as you move away! The orc hits you with a +0 dagger.
You die...

Skill      XL: |  1  2  3  4 |
---------------+-------------+-----
Stealth        | 3 4 5 |  5.0
Poison Magic   | 4 5 |  5.3
Dodging        | |  2.0
Spellcasting   | |  2.0
Transmutations | |  1.0

Action                   |  1- 3 |  4- 6 || total
-------------------------+-------+-------++-------
Melee: Dagger            |    22 |    18 ||    40
       Constrict         |     8 |     4 ||    12
       Tentacles         |     5 |     4 ||     9
       Club              |     1 |       ||     1
 Cast: Sting             |    87 |     7 ||    94
       Poisonous Vapours |       |     5 ||     5
 Stab: Sleeping          |     2 |     3 ||     5
Armor: Skin              |     2 |     5 ||     7
Dodge: Dodged            |    31 |    14 ||    45

Levels and vault maps discovered:
D:1:      nzn_arrival_crosshair, layout_basic, serial_shops,
          nicolae_shop_statue_plus, nicolae_shop_temple_entry_statues_fountains,
          shapermc_ecumenical_altar_acropolis, minmay_hexomino_r4
D:2:      layout_basic, serial_shops, nicolae_shop_crystal
D:3:      lemuel_castle_with_subvaults [lemuel_castle_interior_carwin_2],
          layout_rooms, nrook_campfire

Notes
Turn   | Place    | Note
-------+----------+-------------------------------------------
     0 | D:1      | zeratav the Octopode Venom Mage began the quest for the
                  | Orb.
     0 | D:1      | Reached XP level 1. HP: 11/11 MP: 3/3
     0 | D:1      | magus.rc [v1.9.6]
   142 | D:1      | Reached skill level 3 in Stealth
   415 | D:1      | Reached XP level 2. HP: 17/17 MP: 3/5
   459 | D:1      | Reached skill level 4 in Poison Magic
   859 | D:1      | Found a faded altar of an unknown god.
  1083 | D:1      | Found Tizumian's Jewellery Shop.
  1283 | D:1      | Reached XP level 3. HP: 12/21 MP: 0/6
  1433 | D:1      | Reached skill level 4 in Stealth
  1433 | D:1      | Found a glowing silver altar of Zin.
  1796 | D:1      | Found Ixaonk's Antique Armour Boutique.
  1944 | D:2      | Learned a level 2 spell: Poisonous Vapours
  2423 | D:2      | Found Fitag's Armour Shoppe.
  2625 | D:2      | HP: 5/21 [worm (5)]
  3026 | D:2      | Reached XP level 4. HP: 27/27 MP: 2/7
  3252 | D:3      | Reached skill level 5 in Stealth
  3252 | D:3      | Reached skill level 5 in Poison Magic
  3487 | D:3      | HP: 4/27 [orc/+0 dagger (5)]
  3488 | D:3      | HP: 1/27 [orc/+0 dagger (3)]
  3491 | D:3      | Slain by an orc

Vanquished Creatures
  An orc wizard (D:3)
  3 worms (D:2)
  2 dart slugs (D:1)
  3 orcs (D:3)
  7 bats
  3 endoplasms
  2 giant cockroaches
  3 goblins (D:1)
  6 hobgoblins
  4 jackals (D:3)
  3 quokkas
  6 ball pythons
  A frilled lizard (D:1)
  5 kobolds
  5 rats
54 creatures vanquished.

Vanquished Creatures (others)
  A fungus (D:1)
  A plant (D:1)
2 creatures vanquished.

Grand Total: 56 creatures vanquished

Table legend:
 A = Non-vault XP
 B = Vault XP
 C = Vault XP percentage of total XP
 D = Non-vault monster count
 E = Vault monster count
 F = Vault count percentage of total count
                 A         B        C        D         E       F
            +---------+---------+-------+---------+---------+-------
      Total |     121 |      21 |  14.8 |      45 |       9 |  16.7
            +---------+---------+-------+---------+---------+-------
        D:1 |      40 |      10 |  20.0 |      25 |       4 |  13.8
        D:2 |      33 |       0 |   0.0 |      13 |       0 |   0.0
        D:3 |      48 |      11 |  18.6 |       7 |       5 |  41.7
            +---------+---------+-------+---------+---------+-------

Illustrated notes

Table legend:
 A = Kills in this place as a percentage of kills in entire the game.
 B = Kills by you in this place as a percentage of kills by you in the entire game.
 C = Kills by friends in this place as a percentage of kills by friends in the entire game.
 D = Other kills in this place as a percentage of other kills in the entire game.
 E = Experience gained in this place as a percentage of experience gained in the entire game.
 F = Experience gained in this place divided by the number of levels of this place that you have seen.
                   A       B       C       D       E      F
               +-------+-------+-------+-------+-------+----------------------
         Total | 100.0 | 100.0 |   N/A |   N/A | 100.0 |  47.3
       Dungeon | 100.0 | 100.0 |   N/A |   N/A | 100.0 |  47.3
               +-------+-------+-------+-------+-------+----------------------

Table legend: (Time is in decaauts)
 A = Elapsed time spent in this place.
 B = Non-inter-level travel time spent in this place.
 C = Inter-level travel time spent in this place.
 D = Time resting spent in this place.
 E = Time spent auto-exploring this place.
 F = Levels seen in this place.
 G = Mean time per level.
                   A        B        C        D        E       F      G
               +--------+--------+--------+--------+--------+-----+--------+
         Total |   3489 |   3431 |     58 |    575 |   2397 |   3 | 1163.0 |
       Dungeon |   3489 |   3431 |     58 |    575 |   2397 |   3 | 1163.0 |
               +--------+--------+--------+--------+--------+-----+--------+

Top non-repeatable levels by time:
     D:1: 1930 daAuts
     D:2: 1174 daAuts
     D:3: 384 daAuts
